 Dungeon Crawl Stone Soup version 0.30-a0-743-gbfdf073431 (webtiles) character file.

Game seed: 3670574322011000268

4311 porpoise the Cleaver (level 10, -5/84 (91) HPs)
             Began as a Hill Orc Monk on Feb 6, 2023.
             Was a Priest of Qazlal.
             Killed from afar by an acid dragon (21 damage)
             ... with a splash of acid
             ... on level 8 of the Dungeon.
             The game lasted 00:29:49 (9569 turns).

porpoise the Cleaver (Hill Orc Monk)                Turns: 9569, Time: 00:29:49

HP:   -5/84 (91)    AC: 10    Str: 19    XL:     10   Next: 32%
MP:   16/16         EV:  8    Int: 10    God:    Qazlal [***...]
Gold: 42            SH:  9    Dex: 13    Spells: 7/9 levels left

rFire   . . .      SeeInvis .    w - +0 battleaxe
rCold   + . .      Faith    .    (shield currently unavailable)
rNeg    . . .      Spirit   .    C - +1 chain mail "Bykeil" {rC+}
rPois   +          Reflect  +    (no helmet)
rElec   .          Harm     .    u - scarf {+Inv}
rCorr   .          Rampage  .    (no gloves)
Will    .....                    (no boots) Stlth
                                 L - amulet of the Ancient Yaks {Reflect Slay+5 SH+5}
HPRegen 0.34/turn                p - +4 ring of slaying
MPRegen 0.15/turn                d - ring of poison resistance

@: studying Long Blades, drained
A: no striking features
a: Renounce Religion, Evoke Invisibility, Upheaval, Elemental Force


You were on level 8 of the Dungeon.
You worshipped Qazlal.
Qazlal was most pleased with you.
You visited 2 branches of the dungeon, and saw 9 of its levels.

You collected 294 gold pieces.
You spent 252 gold pieces at shops.

Inventory:

Hand Weapons
 a - a +0 war axe
 b - a +0 sling
 w - a +0 battleaxe (weapon)
 I - the +4 dagger "Weacuumn" {drain, *Slow rN+ Str+7}
   (You found it on level 7 of the Dungeon)

   Str:       It affects your strength (+7).
   rN:        It protects you from negative energy.
   *Slow:     It may slow you when you take damage.
Missiles
 h - 4 poisoned darts
 A - 3 boomerangs (quivered)
Armour
 q - the +1 leather armour of Terror {-Tele rPois Dex+3}
   (You found it on level 2 of the Dungeon)

   Dex:       It affects your dexterity (+3).
   rPois:     It protects you from poison.
   -Tele:     It prevents most forms of teleportation.
 u - a scarf of invisibility (worn)
 C - the +1 chain mail "Bykeil" (worn) {rC+}
   (You found it on level 5 of the Dungeon)

   rC:        It protects you from cold.
 J - +0 steam dragon scales
Jewellery
 d - a ring of poison resistance (right hand)
 p - a +4 ring of slaying (left hand)
 G - a ring of protection from fire
 L - the amulet of the Ancient Yaks (around neck) {Reflect Slay+5 SH+5}
   (You bought it in a shop on level 7 of the Dungeon)

   [amulet of reflection]

   It reflects blocked missile attacks.
   Slay:      It affects your accuracy & damage with ranged weapons and melee
   (+5).
   SH:        It affects your SH (+5).
 N - an amulet of guardian spirit
Wands
 g - a wand of mindburst (16)
 K - a wand of acid (7)
 M - a wand of roots (5)
Scrolls
 e - a scroll of enchant weapon {unknown}
 j - a scroll of poison {unknown}
 k - a scroll of magic mapping {unknown}
 l - a scroll of silence
 m - a scroll of vulnerability
 o - a scroll of noise {unknown}
 r - a scroll of torment
 s - 4 scrolls of blinking
 t - a scroll of fear {unknown}
 x - a scroll of acquirement {unknown}
 y - a scroll of butterflies {unknown}
 B - a scroll of brand weapon {unknown}
 F - a scroll of immolation
 H - a scroll of amnesia
Potions
 c - a potion of ambrosia
 f - a potion of brilliance
 i - 2 potions of mutation
 n - a potion of haste
 v - a potion of might {unknown}
 z - 2 potions of magic {unknown}
 E - a potion of resistance {unknown}
 O - 2 potions of attraction
 P - a potion of curing
 Q - 2 potions of heal wounds


   Skills:
 - Level 9.0 Fighting
 * Level 14.2 Axes
 + Level 3.0 Armour
 - Level 2.4 Dodging
 - Level 1.5 Stealth
 + Level 9.0 Invocations


You had 7 spell levels left.
You knew the following spells:

 Your Spells              Type           Power      Damage    Failure   Level
k - Blink                 Tloc           0%         N/A       100%        2

Your spell library contained the following spells:

 Spells                   Type           Power      Damage    Failure   Level
 Magic Dart               Conj           0%         1d3       99%         1
 Lesser Beckoning         Tloc           0%         N/A       100%        2
 Momentum Strike          Conj/Tloc      0%         3d8       100%        2
 Searing Ray              Conj           0%         2d4       100%        2
 Gell's Gravitas          Tloc           0%         N/A       100%        3
 Ozocubu's Armour         Ice            0%         N/A       100%        3
 Teleport Other           Tloc           0%         N/A       100%        3
 Fulminant Prism          Conj/Hex       0%         3d5       100%        4
 Metabolic Englaciation   Hex/Ice        0%         N/A       100%        5
 Dispersal                Tloc           0%         N/A       100%        6
 Simulacrum               Ice/Necr       0%         N/A       100%        6


Dungeon Overview and Level Annotations

Branches:
Dungeon (8/15)             Temple (1/1) D:4
   Lair: D:8-11

Altars:
Ashenzari
Cheibriados
Dithmenos
Elyvilon
Fedhas
Gozag
Hepliaklqana
Kikubaaqudgha
Makhleb
Nemelex Xobeh
Qazlal
Ru
Sif Muna
Trog
Uskayaw
Vehumet
Xom
Yredelemnul
Zin
The Shining One

Shops:
D:6 ((*[   D:7 *

Annotations:
Temple 2 transporters


Message History

The tengu warrior is almost dead.
The bullfrog snags a nearby moth with its tongue.
The tengu warrior hits you with a +0 great mace.
* * * LOW HITPOINT WARNING * * *
The tengu warrior pecks you.
* * * LOW HITPOINT WARNING * * *
The tengu warrior claws you but does no damage.
You hit the tengu warrior.
You kill the tengu warrior!
Qazlal accepts your kill.
You hear a shout!
The deep elf pyromancer casts a spell.
The bullfrog hits you but does no damage.
Your Axes skill increases to level 14!
Your Invocations skill increases to level 9!
Okay, then.
You feel drained.
You fail to use your ability.
You hear a shout!
The bullfrog hits you.
* * * LOW HITPOINT WARNING * * *
Okay, then.
As you read the scroll of teleportation, it crumbles to dust.
You feel strangely unstable. The bullfrog barely misses you.
You block the bullfrog's attack. The bullfrog attacks as you move away!
You block the bullfrog's attack.
Your surroundings suddenly seem different.
Found 3 stones.
Found a stone staircase leading down.
You hear a roar!
An acid dragon comes into view.
You hear a loud, deep croak!
A bullfrog comes into view.
The bullfrog croaks.
You block the bullfrog's attack.
You slice the bullfrog!!
You kill the bullfrog!
Qazlal accepts your kill.
Your Armour skill increases to level 3!
The acid dragon spits acid at you. The splash of acid hits you!!
You die...

.........#.##.#......##
..............#.......... .##
.........#....>.........## ....
......................... ....#
........................##.#..#
#.....##..........##.........##
..................###.........#
..................ยง##.......#
................@.......#
................##...##>...#
####...........###....###...#
))...#........## #.....D.#...(.
#.......#.###... #...###.......
#......##....##. ....# ......
#.....## ###. #....# . ...
#....... ...... .D. #........


You could see an acid dragon (catching breath).

Vanquished Creatures
  A tengu warrior (D:8)
  Sigmund (D:5)
  A yak (D:7)
  A steam dragon (D:7)
  Duvessa (D:7)
  An ice beast (D:5)
  An orc warrior (D:7)
  4 centaurs
  3 ogres (D:5)
  3 phantoms
  2 kobold brigands
  5 bullfrogs
  A gnoll sergeant (D:6)
  5 necrophages
  2 scorpions
  6 wights
  Dowan (D:7)
  A killer bee (D:8)
  A hound (D:5)
  A jelly (D:4)
  5 orc priests
  3 gnoll boudas (D:7)
  4 iguanas
  9 orc wizards
  7 adders
  10 gnolls
  A white imp (D:7)
  2 worms
  2 dart slugs
  27 orcs
  8 bats
  9 endoplasms
  A giant cockroach (D:1)
  7 goblins
  9 hobgoblins
  11 kobolds
  3 quokkas (D:2)
  5 ball pythons
  4 frilled lizards
  A rat (D:3)
170 creatures vanquished.

Vanquished Creatures (others)
  An orc (D:6)
1 creature vanquished.

Grand Total: 171 creatures vanquished

Notes
Turn   | Place    | Note
-------+----------+-------------------------------------------
     0 | D:1      | porpoise the Hill Orc Monk began the quest for the Orb.
     0 | D:1      | Reached XP level 1. HP: 19/19 MP: 1/1
   238 | D:1      | Reached XP level 2. HP: 26/27 MP: 2/2
   263 | D:1      | You fall into a shaft and drop 1 floor!
   368 | D:1      | Reached skill level 5 in Axes
   396 | D:1      | Reached XP level 3. HP: 29/33 MP: 3/3
  1166 | D:2      | Reached XP level 4. HP: 36/41 MP: 4/4
  1608 | D:2      | Identified the +1 leather armour of Terror {-Tele rPois
                  | Dex+3}
  1691 | D:2      | Reached skill level 6 in Axes
  1963 | D:3      | Reached XP level 5. HP: 34/47 MP: 5/5
  2754 | D:4      | Found a staircase to the Ecumenical Temple.
  2778 | Temple   | Entered the Ecumenical Temple
  2778 | Temple   | Found a transporter.
  2778 | Temple   | Found a transporter.
  2781 | Temple   | Found a transporter.
  2781 | Temple   | Found a transporter.
  2798 | Temple   | Became a worshipper of Qazlal Stormbringer
  2798 | Temple   | Reached * piety under Qazlal
  2798 | Temple   | Reached ** piety under Qazlal
  2843 | D:4      | Reached skill level 5 in Fighting
  2848 | D:4      | Reached skill level 7 in Axes
  2848 | D:4      | Reached skill level 1 in Invocations
  2926 | D:4      | Noticed a phantom
  2936 | D:4      | Reached XP level 6. HP: 43/56 MP: 5/7
  3483 | D:4      | Reached skill level 8 in Axes
  3638 | D:4      | Reached XP level 7. HP: 61/62 MP: 7/9
  3971 | D:5      | Entered Level 5 of the Dungeon
  4354 | D:5      | Reached skill level 9 in Axes
  4395 | D:5      | Noticed Sigmund
  4414 | D:5      | Killed Sigmund
  4415 | D:5      | Reached XP level 8. HP: 14/71 MP: 9/11
  4774 | D:5      | Reached skill level 10 in Axes
  5010 | D:5      | Reached skill level 5 in Invocations
  5076 | D:5      | Identified the +1 chain mail "Bykeil" {rC+}
  5390 | D:5      | Found an ancient bone altar of Kikubaaqudgha.
  5390 | D:5      | Found a sacrificial altar of Ru.
  5391 | D:5      | Found a glowing silver altar of Zin.
  6168 | D:6      | Learned a level 2 spell: Blink
  6192 | D:6      | Reached skill level 11 in Axes
  6373 | D:6      | Found Mophip's Antique Armour Shop.
  6373 | D:6      | Found Voqeddog's Assorted Antiques.
  6380 | D:6      | Bought 2 scrolls labelled RYPSIX XEOGEPH for 60 gold pieces
  6380 | D:6      | Bought a sedimented purple potion for 27 gold pieces
  6380 | D:6      | Bought a scroll labelled KAXZY HYFFOE for 30 gold pieces
  6570 | D:6      | Found Soqaotan's Antique Weapon Boutique.
  6579 | D:6      | Reached XP level 9. HP: 71/81 MP: 13/13
  6680 | D:6      | Found Egrinaqe's Weapon Shop.
  7279 | D:7      | Reached skill level 12 in Axes
  7818 | D:7      | Identified the +4 dagger "Weacuumn" {drain, *Slow rN+
                  | Str+7}
  7951 | D:7      | Reached *** piety under Qazlal
  8990 | D:7      | Found Bymeot's Assorted Antiques.
  8997 | D:7      | Bought a coiled lead amulet for 135 gold pieces
  8997 | D:7      | Identified the amulet of the Ancient Yaks {Reflect Slay+5
                  | SH+5} (You bought it in a shop on level 7 of the Dungeon)
  9009 | D:7      | Noticed Duvessa
  9021 | D:7      | Killed Duvessa
  9022 | D:7      | Reached skill level 13 in Axes
  9068 | D:7      | Noticed Dowan
  9077 | D:7      | Killed Dowan
  9349 | D:8      | Reached skill level 1 in Armour
  9349 | D:8      | Reached XP level 10. HP: 84/91 MP: 16/16
  9543 | D:8      | Noticed a tengu warrior
  9546 | D:8      | Noticed a deep elf pyromancer
  9557 | D:8      | Killed a tengu warrior
  9558 | D:8      | Reached skill level 14 in Axes
  9569 | D:8      | Killed from afar by an acid dragon

Illustrated notes

Levels and vault maps discovered:
D:1:      ebering_trefoil_3fold, layout_basic, solitary_fountain, minivault_24
D:2:      layout_basic
D:3:      layout_basic
D:4:      layout_basic, temple_pool_b
D:5:      layout_basic, gammafunk_temple_overflow_claw, uniq_sigmund
D:6:      layout_basic, serial_shops, shop, shop, nicolae_shop_stone,
          nicolae_shop_trees
D:7:      layout_basic, serial_shops, shop, minmay_puff, uniq_duvessa
D:8:      layout_rooms, minmay_pinched_square, uniq_maurice
Temple:   hellmonk_temple_divided_pantheon

Skill      XL: |  1  2  3  4  5  6  7  8  9 10 |
---------------+-------------------------------+-----
Fighting       | 4 5 6 7 9 |  9.0
Axes           | 5 6 7 8 9 11 13 14 | 14.2
Invocations    | 1 2 4 6 8 9 |  9.0
Armour         | 1 3 |  3.0
Dodging        | |  2.4
Stealth        | |  1.5

Action                     |  1- 3 |  4- 6 |  7- 9 | 10-12 || total
---------------------------+-------+-------+-------+-------++-------
  Melee: Hand axe          |    89 |   187 |    94 |       ||   370
         Punch             |       |     3 |     4 |       ||     7
         War axe           |       |       |   167 |       ||   167
         Battleaxe         |       |       |     3 |    38 ||    41
  Throw: Boomerang         |       |       |     6 |       ||     6
    Use: Scroll            |       |       |    12 |     1 ||    13
         Potion            |       |       |     5 |       ||     5
 Armour: Ring mail         |    31 |    42 |    30 |       ||   103
         Chain mail        |       |       |    54 |    15 ||    69
  Dodge: Dodged            |    48 |    68 |   111 |    12 ||   239
  Block: Other             |       |     5 |    39 |    23 ||    67
         Reflection        |       |       |       |     1 ||     1

Table legend: (Time is in decaauts)
 A = Elapsed time spent in this place.
 B = Non-inter-level travel time spent in this place.
 C = Inter-level travel time spent in this place.
 D = Time resting spent in this place.
 E = Time spent auto-exploring this place.
 F = Levels seen in this place.
 G = Mean time per level.
                   A        B        C        D        E       F      G
               +--------+--------+--------+--------+--------+-----+--------+
         Total |   9534 |   9047 |    487 |   2470 |   4818 |   9 | 1059.3 |
       Dungeon |   9497 |   9010 |    487 |   2470 |   4818 |   8 | 1187.1 |
        Temple |     36 |     36 |      0 |      0 |      0 |   1 |   36.0 |
               +--------+--------+--------+--------+--------+-----+--------+

Top non-repeatable levels by time:
     D:5: 2079 daAuts
     D:6: 1648 daAuts
     D:7: 1496 daAuts
     D:4: 1253 daAuts
     D:3: 985 daAuts
     D:1: 952 daAuts
     D:2: 850 daAuts
     D:8: 230 daAuts
  Temple: 36 daAuts
